 Dungeon Crawl Stone Soup version 0.23.0 (webtiles) character file.

Game seed: 17744733920898902399

3131 Oravi the Fighter (level 9, -7/74 HPs)
             Began as a Gnoll Wanderer on Feb 12, 2019.
             Was a Follower of Cheibriados.
             Mangled by a sixfirhy (10 damage)
             ... summoned by an orc high priest
             ... in a bailey.
             The game lasted 00:28:44 (9183 turns).

Oravi the Fighter (Gnoll Wanderer)                  Turns: 9183, Time: 00:28:46

Health: -7/74      AC: 15    Str: 20    XL:     9   Next: 92%
Magic:  15/15      EV: 11    Int: 18    God:    Cheibriados [*.....]
Gold:   398        SH:  0    Dex: 21    Spells: 17/17 levels left

rFire    . . .     SeeInvis .   a - +2 short sword (venom)
rCold    . . .     Gourm    .   (no shield)
rNeg     . . .     Faith    .   z - +0 chain mail (curse)
rPois    .         Spirit   .   k - +1 helmet
rElec    .         Reflect  .   L - +1 cloak of Polish {-Cast MR++}
rCorr    .         Harm     .   (no gloves)
MR       ++...     NoCast   +   (no boots)
Stlth    ..........             (no amulet)
HPRegen  0.22/turn              C - +3 ring of dexterity
MPRegen  0.14/turn              (no ring)

@: invisible, very slow
A: distributed training, fangs 1, strong nose
a: Bend Time, Renounce Religion


You were in a bailey.
You worshipped Cheibriados.
Cheibriados was aware of your devotion.
You were not hungry.

You visited 2 branches of the dungeon, and saw 9 of its levels.
You also visited: Bailey.

You collected 398 gold pieces.

Inventory:

Hand Weapons
 a - a +2 short sword of venom (weapon)
 b - a +0 hunting sling
 h - a +0 dagger of freezing
 F - a +1 flail of draining
 I - a +0 spear of flaming
 N - a +0 blowgun
 S - a +0 shortbow
Missiles
 e - 172 stones
 v - 66 sling bullets
 A - 4 steel javelins (quivered)
 M - 13 poisoned needles
 T - 8 arrows
 U - 7 bolts
Armour
 k - a +1 helmet (worn)
 z - a cursed +0 chain mail (worn)
 L - the +1 cloak of Polish (worn) {-Cast MR++}
   (You found it on level 7 of the Dungeon)

   It affects your resistance to hostile enchantments.
   It prevents spellcasting.
Jewellery
 C - a +3 ring of dexterity (left hand)
 E - an uncursed ring of ice
Wands
 s - a wand of flame (11)
 H - a wand of enslavement (5)
 J - a wand of acid (6)
 Q - a wand of paralysis (8)
Scrolls
 c - 5 scrolls of teleportation
 i - 3 scrolls of identify {@r1}
 j - 3 scrolls of magic mapping
 l - a scroll of fear {unknown}
 m - a scroll of amnesia {unknown}
 n - a scroll of enchant armour {unknown}
 y - 2 scrolls of remove curse {unknown}
 G - a scroll of enchant weapon {unknown}
 O - a scroll of blinking {unknown}
Potions
 p - a potion of haste
 q - 2 potions of lignification
 r - a potion of brilliance
 t - 3 potions of heal wounds
 u - a potion of curing {@q1}
 w - a potion of mutation
 x - 3 potions of agility
 B - 3 potions of degeneration
 K - a potion of flight
 R - a potion of resistance
Comestibles
 d - 20 rations
 f - 6 chunks of flesh


   Skills:
 + Level 8.1 Fighting
 + Level 4.6 Short Blades
 + Level 4.6 Long Blades
 + Level 4.6 Axes
 + Level 5.3 Maces & Flails
 + Level 6.6 Polearms
 + Level 4.6 Staves
 + Level 4.6 Slings
 + Level 4.6 Bows
 + Level 4.6 Crossbows
 + Level 4.6 Throwing
 + Level 6.6 Armour
 + Level 4.6 Dodging
 + Level 5.2 Stealth
 + Level 4.6 Shields
 + Level 4.6 Unarmed Combat
 + Level 4.6 Spellcasting
 + Level 3.8 Conjurations
 + Level 3.8 Hexes
 + Level 3.8 Charms
 + Level 3.8 Summonings
 + Level 3.8 Necromancy
 + Level 3.8 Translocations
 + Level 3.8 Transmutations
 + Level 3.8 Fire Magic
 + Level 3.8 Ice Magic
 + Level 3.8 Air Magic
 + Level 3.8 Earth Magic
 + Level 3.8 Poison Magic
 + Level 5.1 Invocations
 + Level 5.3 Evocations


You had 17 spell levels left.
You didn't know any spells.
Your spell library contained the following spells:

 Spells                   Type           Power        Failure   Level  Hunger
 Corona                   Hex            ###....      26%         1    None
 Slow                     Hex            ###.....     36%         2    #......
 Inner Flame              Hex/Fire       ###.....     58%         3    ###....
 Portal Projectile        Hex/Tloc       ###...       58%         3    ###....
 Cause Fear               Hex            ###.......   94%         4    ####...
 Leda's Liquefaction      Hex/Erth       ###.......   94%         4    ####...


Dungeon Overview and Level Annotations

Branches:
Dungeon (8/15)             Temple (1/1) D:5            Lair (0/6) D:8

Altars:
Cheibriados
Hepliaklqana
Makhleb
Nemelex Xobeh
Okawaru
Trog
Uskayaw
Vehumet
The Shining One

Shops:
D:7 [


Innate Abilities, Weirdness & Mutations

Your experience applies equally to all skills.
You have very sharp teeth.
Your uncanny sense of smell can sniff out nearby items.


Message History

The sixfirhy hits you.
* * * LOW HITPOINT WARNING * * *
The sixfirhy shocks you!
* * * LOW HITPOINT WARNING * * *
The orc high priest hits you with a +0 war axe.
* * * LOW HITPOINT WARNING * * *
The orc sorcerer mumbles some strange words.
The sixfirhy hits you.
* * * LOW HITPOINT WARNING * * *
The sixfirhy shocks you!
* * * LOW HITPOINT WARNING * * *
Evoke which item? (* to show all) (? for menu, Esc to quit)
Okay, then.
You fade into invisibility!
The sixfirhy hits you.
* * * LOW HITPOINT WARNING * * *
The sixfirhy shocks you!
* * * LOW HITPOINT WARNING * * *
The sixfirhy hits you!
You die...

#≈≈≈≈≈# #≈≈≈≈≈###
#≈≈≈≈≈≈.#
######.≈≈≈≈≈.#
#......≈≈≈≈≈.#++####
###......≈≈≈≈≈.#.....#
#..............'.....#
#∩..∩..........'..⌠..#
#..............@3....#
#
###)))...≈≈≈≈≈.#o....#
.#.
#..)...≈≈≈≈≈.#4g#####
..#.
######.≈≈≈≈≈.#.4o...#
...#%
#≈≈≈≈≈≈.#......#....#∆
#≈≈;≈≈######..(....#
#≈≈≈≈≈# #.8.8.8.+
#≈≈≈≈≈# #.......#
#≈≈≈≈≈# #######+#


You could see an orc high priest, a hellwing, an ice devil, a sixfirhy, an orc
sorcerer, an electric eel (paralysed) and a gnoll.

Vanquished Creatures
  Grinder (D:6)
  A hippogriff (D:6)
  Sigmund (D:3)
  A spriggan (D:7)
  Eustachio (D:6)
  4 yaks (D:7)
  Menkaure (D:6)
  An ice beast (D:7)
  An orc warrior (Bailey)
  An ogre (D:5)
  A centaur (D:7)
  2 bullfrogs
  A big kobold (D:7)
  A gnoll sergeant (D:5)
  2 scorpions
  2 howler monkeys
  A crimson imp (D:5)
  A bullfrog skeleton (D:6)
  2 hounds
  4 orc priests
  A gnoll shaman (D:3)
  2 centaur skeletons
  6 worker ants
  Terence (D:3)
  A killer bee zombie (D:6)
  8 gnolls
  11 adders
  3 oozes
  An adder skeleton (D:5)
  4 dart slugs
  4 worms
  5 leopard geckos
  13 orcs
  4 giant cockroaches
  8 goblins
  5 hobgoblins
  10 jackals
  8 bats
  4 frilled lizards
  12 kobolds
  2 leopard gecko skeletons
  4 rats
147 creatures vanquished.

Vanquished Creatures (others)
  An orc (Bailey)
1 creature vanquished.

Grand Total: 148 creatures vanquished

Notes
Turn   | Place    | Note
-------+----------+-------------------------------------------
     0 | D:1      | Oravi the Gnoll Wanderer began the quest for the Orb.
     0 | D:1      | Oravi set off with the following items: a +2 spear, a +0
                  | ring mail, a scroll of teleportation, a ration
     0 | D:1      | Reached XP level 1. HP: 23/23 MP: 2/2
   125 | D:1      | Reached XP level 2. HP: 28/29 MP: 3/3
   805 | D:2      | Reached XP level 3. HP: 35/35 MP: 4/4
   825 | D:2      | Reached skill level 1 in Invocations
   948 | D:2      | Reached skill level 1 in Short Blades
   948 | D:2      | Reached skill level 1 in Long Blades
   948 | D:2      | Reached skill level 1 in Axes
   948 | D:2      | Reached skill level 1 in Staves
   948 | D:2      | Reached skill level 1 in Slings
   948 | D:2      | Reached skill level 1 in Bows
   948 | D:2      | Reached skill level 1 in Crossbows
   948 | D:2      | Reached skill level 1 in Throwing
   948 | D:2      | Reached skill level 1 in Dodging
   948 | D:2      | Reached skill level 1 in Shields
   948 | D:2      | Reached skill level 1 in Unarmed Combat
   948 | D:2      | Reached skill level 1 in Spellcasting
   957 | D:2      | Reached XP level 4. HP: 41/41 MP: 4/6
  1443 | D:2      | Reached skill level 1 in Conjurations
  1443 | D:2      | Reached skill level 1 in Hexes
  1443 | D:2      | Reached skill level 1 in Charms
  1443 | D:2      | Reached skill level 1 in Summonings
  1443 | D:2      | Reached skill level 1 in Necromancy
  1443 | D:2      | Reached skill level 1 in Translocations
  1443 | D:2      | Reached skill level 1 in Transmutations
  1443 | D:2      | Reached skill level 1 in Fire Magic
  1443 | D:2      | Reached skill level 1 in Ice Magic
  1443 | D:2      | Reached skill level 1 in Air Magic
  1443 | D:2      | Reached skill level 1 in Earth Magic
  1443 | D:2      | Reached skill level 1 in Poison Magic
  1684 | D:3      | Noticed Sigmund
  1693 | D:3      | Killed Sigmund
  1693 | D:3      | Reached XP level 5. HP: 36/47 MP: 7/7
  1693 | D:3      | Reached XP level 6. HP: 40/53 MP: 8/8
  1927 | D:3      | Reached skill level 5 in Polearms
  1927 | D:3      | Reached skill level 5 in Armour
  2118 | D:3      | Noticed Terence
  2167 | D:3      | Killed Terence
  2600 | D:3      | Reached XP level 7. HP: 59/59 MP: 10/10
  3042 | D:4      | Reached skill level 7 in Fighting
  3094 | D:4      | Found a bloodstained altar of Trog.
  3094 | D:4      | Found a glowing golden altar of the Shining One.
  3532 | D:5      | Entered Level 5 of the Dungeon
  4280 | D:5      | Reached XP level 8. HP: 67/67 MP: 12/12
  5315 | D:5      | Found a staircase to the Ecumenical Temple.
  5321 | Temple   | Entered the Ecumenical Temple
  5351 | Temple   | Became a worshipper of Cheibriados the Contemplative
  5741 | D:6      | Noticed Eustachio
  5741 | D:6      | Noticed Grinder
  5755 | D:6      | Killed Eustachio
  5761 | D:6      | Killed Grinder
  6372 | D:6      | Noticed Menkaure
  6384 | D:6      | Killed Menkaure
  6384 | D:6      | Reached XP level 9. HP: 14/72 MP: 14/14
  6779 | D:6      | Found an iron altar of Okawaru.
  6983 | D:7      | Got a transparent cloak
  6989 | D:7      | Identified the +1 cloak of Polish {-Cast MR++} (You found
                  | it on level 7 of the Dungeon)
  7076 | D:7      | Found Weif's Armour Shoppe.
  7092 | D:7      | Reached * piety under Cheibriados
  7473 | D:7      | Reached skill level 5 in Maces & Flails
  7473 | D:7      | Reached skill level 5 in Evocations
  7502 | D:7      | Reached skill level 5 in Stealth
  7519 | D:7      | HP: 2/74 [yak (9)]
  7521 | D:7      | Reached skill level 8 in Fighting
  7845 | D:7      | Reached skill level 5 in Invocations
  8424 | D:8      | Found a flagged portal.
  8435 | Bailey   | Entered a bailey
  9168 | Bailey   | Noticed an orc high priest
  9175 | Bailey   | Noticed an orc sorcerer
  9179 | Bailey   | Noticed an ice devil
  9179 | Bailey   | Noticed a sixfirhy
  9183 | Bailey   | Noticed a hellwing
  9183 | Bailey   | HP: 3/74 [sixfirhy[an orc high priest] (9)]
  9183 | Bailey   | Mangled by a sixfirhy

Skill      XL: |  1  2  3  4  5  6  7  8  9 |
---------------+----------------------------+-----
Invocations    | 1 2 3 4 5 |  5.1
Short Blades   | 1 2 3 4 |  4.6
Long Blades    | 1 2 3 4 |  4.6
Axes           | 1 2 3 4 |  4.6
Staves         | 1 2 3 4 |  4.6
Slings         | 1 2 3 4 |  4.6
Bows           | 1 2 3 4 |  4.6
Crossbows      | 1 2 3 4 |  4.6
Throwing       | 1 2 3 4 |  4.6
Dodging        | 1 2 3 4 |  4.6
Shields        | 1 2 3 4 |  4.6
Unarmed Combat | 1 2 3 4 |  4.6
Spellcasting   | 1 2 3 4 |  4.6
Conjurations   | 1 2 3 |  3.8
Hexes          | 1 2 3 |  3.8
Charms         | 1 2 3 |  3.8
Summonings     | 1 2 3 |  3.8
Necromancy     | 1 2 3 |  3.8
Translocations | 1 2 3 |  3.8
Transmutations | 1 2 3 |  3.8
Fire Magic     | 1 2 3 |  3.8
Ice Magic      | 1 2 3 |  3.8
Air Magic      | 1 2 3 |  3.8
Earth Magic    | 1 2 3 |  3.8
Poison Magic   | 1 2 3 |  3.8
Maces & Flails | 3 4 5 |  5.3
Stealth        | 3 4 5 |  5.2
Evocations     | 3 4 5 |  5.3
Polearms       | 5 6 |  6.6
Armour         | 5 6 |  6.6
Fighting       | 7 8 |  8.1

Action                   |  1- 3 |  4- 6 |  7- 9 || total
-------------------------+-------+-------+-------++-------
Melee: Spear             |    29 |    76 |   257 ||   362
       Bite              |     4 |    17 |    61 ||    82
       Punch             |       |     1 |     6 ||     7
       Short sword       |       |       |   158 ||   158
 Fire: Hunting sling     |    74 |   136 |   190 ||   400
Throw: Javelin           |       |       |     1 ||     1
Invok: Bend Time         |       |       |     2 ||     2
Evoke: Wand              |       |       |     1 ||     1
  Use: Potion            |       |       |     7 ||     7
       Scroll            |       |       |     8 ||     8
 Stab: Sleeping          |     1 |       |       ||     1
       Invisible         |       |       |     2 ||     2
  Eat: Chunk             |       |     5 |    15 ||    20
       Ration            |       |       |     1 ||     1
Armor: Ring mail         |    19 |     6 |       ||    25
       Chain mail        |       |    54 |   252 ||   306
       Skin              |       |       |     8 ||     8
Dodge: Dodged            |    30 |    54 |   220 ||   304
